 Dungeon Crawl Stone Soup version 0.26-a0-257-g47e9e61525 (webtiles) character file.

Game seed: 13227482737093301203

9 BritishOli the Skirmisher (level 2, 24/24 HPs)
             Began as a Demonspawn Fighter on July 10, 2020.
             Quit the game on level 1 of the Dungeon.
             The game lasted 00:00:21 (643 turns).

BritishOli the Skirmisher (Demonspawn Fighter)       Turns: 643, Time: 00:00:21

Health: 24/24      AC:  6    Str: 16    XL:     2   Next: 3%
Magic:  2/2        EV:  6    Int:  9    God:
Gold:   35         SH:  8    Dex: 12    Spells: 1/1 levels left

rFire    . . .     SeeInvis .   a - +0 long sword
rCold    . . .     Faith    .   c - +0 kite shield
rNeg     . . .     Spirit   .   b - +0 scale mail
rPois    .         Reflect  .   (no helmet)
rElec    .         Harm     .   (no cloak)
rCorr    .                      (no gloves)
MR       .....                  (no boots)
Stlth    +.........             (no amulet)
HPRegen  0.08/turn              (no ring)
MPRegen  0.08/turn              (no ring)

@: no status effects
A: nightstalker 1
a: no special abilities


You were on level 1 of the Dungeon.
You were not hungry.

You visited 1 branch of the dungeon, and saw 1 of its levels.

You collected 35 gold pieces.

Inventory:

Hand Weapons
 a - a +0 long sword (weapon)
Armour
 b - a +0 scale mail (worn)
 c - a +0 kite shield (worn)
Jewellery
 l - a +4 ring of evasion {unknown}
Scrolls
 e - 2 scrolls of enchant weapon {unknown}
 g - a scroll of enchant armour {unknown}
 h - 2 scrolls of teleportation {unknown}
Potions
 d - 2 potions of might
 i - a potion of degeneration {unknown}
 j - 2 potions of brilliance {unknown}
 k - a potion of berserk rage {unknown}
Comestibles
 f - 4 rations


   Skills:
 + Level 3.1 Fighting
 * Level 2.1 Long Blades
 + Level 2.8 Armour
 + Level 2.8 Shields


You had one spell level left.
You didn't know any spells.
Your spell library was empty.

Dungeon Overview and Level Annotations

Branches:
Dungeon (1/15)

Altars:


Innate Abilities, Weirdness & Mutations

You are slightly more attuned to the shadows.


Message History

You now have 35 gold pieces (gained 9).
l - a large ruby ring No target in view!
d - 2 potions of might (gained 1) Key pressed, stopping explore.
No target in view!
A giant cockroach comes into view.
A giant cockroach is nearby!
Your shield and scale mail prevent you from hitting the giant cockroach.
The giant cockroach bites you but does no damage. x2
A giant cockroach is nearby!
Your shield prevents you from hitting the giant cockroach.
The giant cockroach bites you but does no damage.
A giant cockroach is nearby!
You slash the giant cockroach!
You kill the giant cockroach!
You have reached level 2!
Your demonic ancestry asserts itself...
You slip into the darkness of the dungeon.
Are you sure you want to abandon this character and quit the game? (Confirm with "yes".)

##.####.######.#.......#.#
.#.####.# #........###
#.....#.# #...........
...##...# #.#.....####
...####.#####.#.....#
...........##.#.....#
##.###..[..##.......#
...........######.###
...........#....@.#
####.......#......# ##
#..######......# .###..#
#.....## ..##..# #.....#
...#..## ###.###
...##..#######.
...#.#.........
......#..#.##.#


There were no monsters in sight!

Vanquished Creatures
  A giant cockroach (D:1)
  2 hobgoblins (D:1)
  3 bats (D:1)
  A frilled lizard (D:1)
  A kobold (D:1)
  2 rats (D:1)
10 creatures vanquished.

Notes
Turn   | Place    | Note
-------+----------+-------------------------------------------
     0 | D:1      | BritishOli the Demonspawn Fighter began the quest for the
                  | Orb.
     0 | D:1      | Reached XP level 1. HP: 18/18 MP: 1/1
   642 | D:1      | Gained mutation: You are slightly more attuned to the
                  | shadows. [demonic ancestry]
   642 | D:1      | Reached XP level 2. HP: 24/24 MP: 2/2
   643 | D:1      | Quit the game

Illustrated notes

Levels and vault maps discovered:
D:1:      psy_arrival_dodecagon, layout_loops_cross, st_stairs_12,
          hangedman_decor_growths

Skill      XL: |  1 |
---------------+----+-----
Long Blades    | 2 |  2.1
Fighting       | |  3.1
Armour         | |  2.8
Shields        | |  2.8

Action                   || total
-------------------------++-------
Melee: Long sword        ||    40
Armor: Scale mail        ||    32
Dodge: Dodged            ||    11
Block: Kite shield       ||    28
       Rpst.: Long sword ||     3

Table legend:
 A = Non-vault XP
 B = Vault XP
 C = Vault XP percentage of total XP
 D = Non-vault monster count
 E = Vault monster count
 F = Vault count percentage of total count
                 A         B        C        D         E       F
            +---------+---------+-------+---------+---------+-------
      Total |      12 |       1 |   7.7 |       9 |       1 |  10.0
            +---------+---------+-------+---------+---------+-------
        D:1 |      12 |       1 |   7.7 |       9 |       1 |  10.0
            +---------+---------+-------+---------+---------+-------
